 Dungeon Crawl Stone Soup version 0.30-a0-757-ga6a79fd877 (webtiles) character file.

Game seed: 8127272408479046336

333 kingofthe the Conjurer (level 6, -2/36 HPs)
             Began as an Octopode Conjurer on Feb 10, 2023.
             Slain by a worm (6 damage)
             ... on level 4 of the Dungeon.
             The game lasted 00:08:31 (4214 turns).

kingofthe the Conjurer (Octopode Conjurer)          Turns: 4214, Time: 00:08:32

Health: -2/36      AC:  5    Str:  7    XL:     6   Next: 53%
Magic:  0/12       EV: 14    Int: 20    God:
Gold:   166        SH:  0    Dex: 12    Spells: 7/13 levels left

rFire   . . .      SeeInvis .    s - +0 whip (elec)
rCold   . . .      Faith    .    (no shield)
rNeg    . . .      Spirit   .    (helmet restricted)
rPois   +          Reflect  .    (no amulet)
rElec   .          Harm     .    l - +4 ring of protection
rCorr   .          Rampage  .    p - ring of poison resistance
Will    .....                    (no ring)
Stlth   ++++                     (no ring)
HPRegen 0.26/turn                (no ring)
MPRegen 0.13/turn                (no ring)
                                 (no ring)
                                 (no ring)

@: no status effects
A: almost no armour, amphibious, 8 rings, camouflage 1, gelatinous body 1,
(nimble swimmer 1), tentacles
a: no special abilities


You were on level 4 of the Dungeon.
You visited 1 branch of the dungeon, and saw 4 of its levels.

You collected 166 gold pieces.

Inventory:

Hand Weapons
 r - a +1 short sword of draining
 s - a +0 whip of electrocution (weapon)
Missiles
 u - a throwing net
Armour
 d - a +2 tower shield
Jewellery
 k - a ring of ice
 l - a +4 ring of protection (left tentacle)
 p - a ring of poison resistance (right tentacle)
 t - a ring of see invisible
Scrolls
 c - a scroll of poison {unknown}
 e - 2 scrolls of silence {unknown}
 f - 2 scrolls of teleportation {unknown}
 h - a scroll of amnesia {unknown}
 j - a scroll of fog {unknown}
 o - a scroll of fear {unknown}
 q - a scroll of blinking {unknown}
 v - 2 scrolls of identify {unknown}
 w - 2 scrolls of immolation {unknown}
Potions
 a - 2 potions of magic
 b - 2 potions of brilliance {unknown}
 g - 3 potions of attraction {unknown}
 i - 2 potions of invisibility {unknown}
 m - a potion of curing {unknown}
 n - 2 potions of ambrosia {unknown}


   Skills:
 * Level 3.9 Dodging
 + Level 4.4 Stealth
 * Level 4.0 Spellcasting
 + Level 4.7 Conjurations
 + Level 0.7 Hexes


You had 7 spell levels left.
You knew the following spells:

 Your Spells              Type           Power      Damage    Failure   Level
a - Magic Dart            Conj           88%        1d7       1%          1
b - Searing Ray           Conj           44%        2d6       2%          2
c - Dazzling Flash        Conj/Hex       28%        N/A       13%         3

Your spell library contained the following spells:

 Spells                   Type           Power      Damage    Failure   Level
 Ignite Poison            Fire/Tmut/Pois 4%         N/A       36%         3
 Kindle Blastsparks       Fire/Tloc/Air  8%         2d10      36%         3
 Fulminant Prism          Conj/Hex       7%         3d6       38%         4
 Iskenderun's Mystic Bla  Conj/Tloc      13%        2d5       43%         4
 Freezing Cloud           Conj/Ice/Air   5%         6-21      88%         5


Dungeon Overview and Level Annotations

Branches:
Dungeon (4/15)
 Temple: D:4-7

Altars:
Cheibriados


Innate Abilities, Weirdness & Mutations

You cannot wear most types of armour.
You are amphibious.
You can wear up to eight rings at the same time.
Your skin changes colour to match your surroundings (Stealth+).
Your rubbery body absorbs attacks. (AC +1, EV +1)
((You are camouflaged when in or above water. (Stealth+)))
You have tentacles for arms and can constrict up to eight enemies at once.


Message History

The searing ray hits the hobgoblin!
You kill the hobgoblin!
The searing ray hits the orc.
The orc is severely wounded.
The searing ray hits the orc priest!
The orc priest is severely wounded.
You finish channelling your searing ray.
Casting: Searing Ray (safe; 2% risk of failure)
Confirm with . or Enter, or press ? or * to list all spells.
Aiming: Searing Ray (safe; 2% risk of failure)
Press: ? - help, Shift-Dir - straight line, f - orc priest
Aim: an orc priest, wielding a +0 falchion (severely wounded, 78% to hit)
The searing ray hits the orc priest.
The orc priest is almost dead.
The searing ray hits the orc.
The orc is severely wounded. (Press . to maintain the ray.)
A worm comes into view.
The searing ray misses the orc.
The searing ray misses the orc priest.
The searing ray misses the orc.
Your magical contamination has completely faded away.
The searing ray hits the orc!
You kill the orc!
The searing ray misses the orc priest.
You finish channelling your searing ray.
The orc priest invokes the aid of Beogh against you.
Beogh smites you! The orc hits you but does no damage.
You hit the orc but do no damage. Lightning courses through the orc!
You kill the orc!
The orc priest mumbles some strange prayers to Beogh against you.
Beogh smites you!
* * * LOW HITPOINT WARNING * * *
Things that are here:
a +0 whip; a +0 scale mail; a +0 club You hit the orc priest but do no damage.
Lightning courses through the orc priest!!
You kill the orc priest!
Your Spellcasting skill increases to level 4!
The worm bites you.
You die...

#.. #######
#.##. o.
.......
#.##.#.#
.......
#.##.#.#
...$...
#<)..#.#
.......
##.##.#.#
.......
#.......>
......†####
##.###...
#..w@).#
#(......
######.#
#####.#.
#<....# #.#
####### #.#
#.# #.# #$#
..#


You could see a worm.

Vanquished Creatures
  3 orc priests
  2 orc wizards (D:4)
  8 adders
  A river rat (D:3)
  An ufetubus (D:2)
  3 worms (D:3)
  2 dart slugs
  12 orcs
  7 ball pythons
  3 bats
  12 endoplasms
  4 giant cockroaches
  3 goblins
  10 hobgoblins
  7 kobolds
  4 quokkas
  3 frilled lizards
  4 rats
  A spectral hobgoblin (D:1)
90 creatures vanquished.

Notes
Turn   | Place    | Note
-------+----------+-------------------------------------------
     0 | D:1      | kingofthe the Octopode Conjurer began the quest for the
                  | Orb.
     0 | D:1      | Reached XP level 1. HP: 11/11 MP: 3/3
   153 | D:1      | Reached XP level 2. HP: 17/17 MP: 0/5
   431 | D:1      | Learned a level 2 spell: Searing Ray
   792 | D:1      | Reached XP level 3. HP: 21/21 MP: 3/6
   906 | D:1      | Found a faded altar of an unknown god.
  1305 | D:2      | Reached XP level 4. HP: 23/27 MP: 4/8
  2494 | D:3      | Reached XP level 5. HP: 11/31 MP: 1/10
  3070 | D:3      | Learned a level 3 spell: Dazzling Flash
  3346 | D:3      | Found a snail-covered altar of Cheibriados.
  3575 | D:3      | Reached XP level 6. HP: 33/36 MP: 0/11
  4094 | D:4      | Noticed an orc warrior
  4214 | D:4      | Slain by a worm

Illustrated notes

Levels and vault maps discovered:
D:1:      saegor_arrival_miasma, layout_loops_ring,
          dreamdust_ecumenical_altar_drowned_temple
D:2:      layout_loops_ring
D:3:      layout_basic, cheibrodos_worm_habitat, portal_sewer_entry_c,
          hangedman_decor_opposing, nicolae_eternal_life
D:4:      layout_basic, nicolae_elyvilon_peaceful_grove,
          mainiacjoe_overflow_divided_tiny, nicolae_hepliaklqana_hazy_memory,
          ebering_ghost_gozag

Skill      XL: |  1  2  3  4  5  6 |
---------------+-------------------+-----
Stealth        | 3 4 |  4.4
Spellcasting   | 3 4 |  4.0
Dodging        | 3 |  3.9
Conjurations   | |  4.7
Hexes          | |  0.7

Action                     |  1- 3 |  4- 6 || total
---------------------------+-------+-------++-------
  Melee: Unarmed           |     9 |       ||     9
         Tentacles         |     3 |     4 ||     7
         Constrict         |     1 |     4 ||     5
         Whip              |       |    20 ||    20
         Punch             |       |     1 ||     1
   Cast: Magic Dart        |    53 |   118 ||   171
         Searing Ray       |     3 |    13 ||    16
 Armour: Skin              |     2 |    16 ||    18
  Dodge: Dodged            |     7 |    34 ||    41

Table legend: (Time is in decaauts)
 A = Elapsed time spent in this place.
 B = Non-inter-level travel time spent in this place.
 C = Inter-level travel time spent in this place.
 D = Time resting spent in this place.
 E = Time spent auto-exploring this place.
 F = Levels seen in this place.
 G = Mean time per level.
                   A        B        C        D        E       F      G
               +--------+--------+--------+--------+--------+-----+--------+
         Total |   4216 |   4091 |    125 |    443 |   3160 |   4 | 1054.0 |
       Dungeon |   4216 |   4091 |    125 |    443 |   3160 |   4 | 1054.0 |
               +--------+--------+--------+--------+--------+-----+--------+

Top non-repeatable levels by time:
     D:3: 1834 daAuts
     D:1: 1290 daAuts
     D:2: 1041 daAuts
     D:4: 50 daAuts
